 Dungeon Crawl Stone Soup version 0.23-a0-175-g97aacdb (webtiles) character file.

28 Amnesiac the Chiller (level 2, 0/19 HPs)
             Began as a Mummy Ice Elementalist on Sept 16, 2018.
             Slain by an orc
             ... wielding a +0 dagger
              (2 damage)
             ... on level 3 of the Dungeon.
             The game lasted 00:01:04 (546 turns).

Amnesiac the Chiller (Mummy Ice Elementalist)        Turns: 546, Time: 00:01:04

Health: 0/19       AC:  2    Str: 11    XL:     2   Next: 96%
Magic:  1/6        EV: 12    Int: 14    God:
Gold:   0          SH:  0    Dex: 12    Spells: 4/7 levels left

rFire    x . .     SeeInvis .   (no weapon)
rCold    + . .     Gourm    .   (no shield)
rNeg     + + +     Faith    .   a - +0 robe
rPois    ∞         Spirit   .   (no helmet)
rElec    .         Reflect  .   (no cloak)
rCorr    .         Harm     .   (no gloves)
MR       .....                  (no boots)
Stlth    ++........             (no amulet)
HPRegen  0.06/turn              (no ring)
MPRegen  0.10/turn              (no ring)

@: no status effects
A: no food or potions, fire vulnerability, cold resistance 1, negative energy
resistance 3, torment resistance, unbreathing
a: no special abilities


You were on level 3 of the Dungeon.
You were not hungry.

You visited 1 branch of the dungeon, and saw 3 of its levels.

Inventory:

Armour
 a - a +0 robe (worn)
 e - a +0 pair of gloves
Scrolls
 b - 2 scrolls of identify {!r, unknown}
 c - a scroll of fear {!r, unknown}
 d - a scroll of fog {!r, unknown}


   Skills:
 - Level 1.5 Dodging
 - Level 1.5 Stealth
 + Level 3.1 Spellcasting
 - Level 0.7 Conjurations
 * Level 3.2 Ice Magic


You had 4 spell levels left.
You knew the following spells:

 Your Spells              Type           Power        Failure   Level  Hunger
a - Freeze                Ice            ##..         5%          1    N/A
b - Throw Frost           Conj/Ice       #.....       14%         2    N/A

Your spell library contained the following spells:

 Spells                   Type           Power        Failure   Level  Hunger
 Ozocubu's Armour         Chrm/Ice       #.......     32%         3    N/A
 Throw Icicle             Conj/Ice       #.......     67%         4    N/A
 Summon Ice Beast         Ice/Summ       #.......     71%         4    N/A

Dungeon Overview and Level Annotations

Branches:
Dungeon (3/15)

Altars:
Xom

Annotations:
D:2 Natasha


Innate Abilities, Weirdness & Mutations

You do not eat or drink.
Your flesh is vulnerable to fire.
You are immune to poison.
Your flesh is cold resistant. (rC+)
You are immune to negative energy. (rN+++)
You are immune to unholy pain and torment.
You can survive without breathing.


Message History

An orc comes into view. It is wielding a dagger.
The orc throws a tomahawk.
The tomahawk closely misses you.
Casting: Freeze (safe; 6% risk of failure)
Confirm with . or Enter, or press ? or * to list all spells.
Aiming: Freeze (safe; 6% risk of failure)
Press: ? - help, Shift-Dir - straight line, f - orc
Aim: an orc, wearing a leather armour You freeze the orc.
The orc is almost dead.
The orc barely misses you.
The orc throws a tomahawk.
The tomahawk hits you! The orc misses you.
Casting: Freeze (safe; 6% risk of failure)
Confirm with . or Enter, or press ? or * to list all spells.
Aiming: Freeze (safe; 6% risk of failure)
Press: ? - help, Shift-Dir - straight line, f/p - orc
Aim: an orc, wearing a leather armour (almost dead)
You freeze the orc.
You kill the orc!
An orc comes into view. It is wielding a flail.
The orc shouts!
Casting: Freeze (safe; 5% risk of failure)
Confirm with . or Enter, or press ? or * to list all spells.
Aiming: Freeze (safe; 5% risk of failure)
Press: ? - help, Shift-Dir - straight line, f - orc
Aim: an orc, wielding a mace You freeze the orc.
The orc is lightly wounded.
The orc throws a tomahawk.
The tomahawk hits you.
Casting: Freeze (safe; 5% risk of failure)
Confirm with . or Enter, or press ? or * to list all spells.
Aiming: Freeze (safe; 5% risk of failure)
Press: ? - help, Shift-Dir - straight line, f/p - orc
Aim: an orc, wielding a mace (lightly wounded)
You freeze the orc.
The orc is heavily wounded.
The orc hits you with a mace.
* * * LOW HITPOINT WARNING * * *
Casting: Freeze (safe; 5% risk of failure)
Confirm with . or Enter, or press ? or * to list all spells.
Aiming: Freeze (safe; 5% risk of failure)
Press: ? - help, Shift-Dir - straight line, f/p - orc
Aim: an orc, wielding a mace (heavily wounded)
You freeze the orc.
The orc is almost dead.
The orc hits you with a mace.
* * * LOW HITPOINT WARNING * * *
Unknown command.
Casting: Freeze (safe; 5% risk of failure)
Confirm with . or Enter, or press ? or * to list all spells.
Aiming: Freeze (safe; 5% risk of failure)
Press: ? - help, Shift-Dir - straight line, f/p - orc
Aim: an orc, wielding a mace (almost dead)
You freeze the orc.
You kill the orc!
Unknown command.
Casting: Freeze (safe; 5% risk of failure)
Confirm with . or Enter, or press ? or * to list all spells.
Aiming: Freeze (safe; 5% risk of failure)
Press: ? - help, Shift-Dir - straight line, f - orc
Aim: an orc, wielding a dagger and wearing a ring mail You freeze the orc.
The orc is severely wounded.
The orc hits you with a dagger.
You die...

.......................[..
.......................(..
............o..........(..
###.##.#)#.##.###########
#....#o#.##.#
######.#....# #o###### #o#
#@# #.##### #..).<#
#######


You could see 3 orcs.

Vanquished Creatures
  An adder (D:3)
  An ooze (D:1)
  3 orcs (D:3)
  4 hobgoblins
  A bat (D:2)
  A goblin (D:2)
  A kobold (D:2)
12 creatures vanquished.

Notes
Turn   | Place    | Note
-------+----------+-------------------------------------------
     0 | D:1      | Amnesiac the Mummy Ice Elementalist began the quest for the
                  | Orb.
     0 | D:1      | Reached XP level 1. HP: 13/13 MP: 4/4
   128 | D:2      | Noticed Natasha
   143 | D:2      | Found a shimmering altar of Xom.
   157 | D:3      | Noticed an ogre
   157 | D:3      | Noticed a hound
   175 | D:2      | Reached XP level 2. HP: 19/19 MP: 2/5
   179 | D:2      | Learned a level 2 spell: Throw Frost
   546 | D:3      | Slain by an orc

Vault maps used:
D:1:      lightli_arrival_boilingwater
D:2:      first_ration, xom_teletrap_fun, uniq_natasha, uniq_terence,
          uniq_crazy_yiuf_cottage
D:3:      nicolae_overflow_hidden_temple, uniq_robin, uniq_sigmund

Skill      XL: |  1  2 |
---------------+-------+-----
Spellcasting   | 3 |  3.1
Ice Magic      | 3 |  3.2
Dodging        | |  1.5
Stealth        | |  1.5
Conjurations   | |  0.7

Action                   || total
-------------------------++-------
Melee: Unarmed           ||     3
 Cast: Freeze            ||    30
Armor: Robe              ||     2
Dodge: Dodged            ||    14

Table legend:
 A = Non-vault XP
 B = Vault XP
 C = Vault XP percentage of total XP
 D = Non-vault monster count
 E = Vault monster count
 F = Vault count percentage of total count
                 A         B        C        D         E       F
            +---------+---------+-------+---------+---------+-------
      Total |      40 |       0 |   0.0 |      12 |       0 |   0.0
            +---------+---------+-------+---------+---------+-------
        D:1 |       7 |       0 |   0.0 |       1 |       0 |   0.0
        D:2 |       7 |       0 |   0.0 |       5 |       0 |   0.0
        D:3 |      26 |       0 |   0.0 |       6 |       0 |   0.0
            +---------+---------+-------+---------+---------+-------
